 Dungeon Crawl Stone Soup version 0.20.1-1-g8b1a95d (webtiles) character file.

540956 Jannitor the Phalangite (level 27, -17/233 HPs)
             Began as a Formicid Fighter on Sept 26, 2017.
             Was a High Priest of Nemelex Xobeh.
             Shot with a bolt by a vault warden (19 damage)
             ... on level 5 of the Vaults on Sept 28, 2017.
             The game lasted 03:52:41 (56612 turns).

Jannitor the Phalangite (Formicid Fighter)         Turns: 56612, Time: 03:52:43

Health: -17/233    AC: 37    Str: 28    XL:     27
Magic:  29/37      EV: 15    Int:  7    God:    Nemelex Xobeh [*****.]
Gold:   3263       SH: 15    Dex: 18    Spells: 21/26 levels left

rFire    + + .     SeeInvis +   s - +7 glaive (vamp)
rCold    + + +     Gourm    .   c - +0 shield
rNeg     . . .     Faith    +   E - +7 gold dragon scales
rPois    +         Spirit   .   (helmet unavailable)
rElec    .         Reflect  .   R - +1 cloak {rF+}
rCorr    +         Harm     .   p - +2 pair of gloves {archery}
MR       ++++.                  x - +0 pair of boots of Ruxiol {rCorr} (curse)
Stlth    ..........             u - amulet of faith
Regen    0.9/turn               H - ring "Dooqim Ziank" {rC+ MR+ EV+3 Int-5 Dex+4}
MPRegen  0.3/turn               y - ring "Wedgheogu" {rC+ MR+ Int+5 Dex-3}

@: corroded, flying (expiring)
A: permanent stasis, dig shafts and tunnels, four strong arms, antennae 3,
rugged brown scales 1, thin metallic scales 1, regeneration 1, subdued magic 1
}: 2/15 runes: decaying, gossamer
a: Dig, Shaft Self, Triple Draw, Deal Four, Stack Five, Renounce Religion


You were on level 5 of the Vaults.
You worshipped Nemelex Xobeh.
Nemelex Xobeh was extremely pleased with you.
You were full.

You visited 9 branches of the dungeon, and saw 45 of its levels.
You also visited: Volcano and Desolation.

You collected 5507 gold pieces.
You spent 2244 gold pieces at shops.

Inventory:

Hand Weapons
 s - a +7 vampiric glaive (weapon)
 L - a +9 bardiche of flaming
Armour
 c - a +0 shield (worn)
 p - a +2 pair of gloves of archery (worn)
 x - the cursed +0 pair of boots of Ruxiol (worn) {rCorr}
   (You found it on level 10 of the Dungeon)

   It protects you from acid and corrosion.
   It has a curse placed upon it.
 E - +7 gold dragon scales (worn)
 R - a +1 cloak of fire resistance (worn)
Jewellery
 u - an amulet of faith (around neck)
 y - the ring "Wedgheogu" (right hand) {rC+ MR+ Int+5 Dex-3}
   (You found it on level 2 of the Swamp)

   [ring of intelligence]

   It affects your intelligence (+5).
   It affects your dexterity (-3).
   It protects you from cold.
   It affects your resistance to hostile enchantments.
 H - the ring "Dooqim Ziank" (left hand) {rC+ MR+ EV+3 Int-5 Dex+4}
   (You found it on level 4 of the Depths)

   [ring of evasion]

   It affects your evasion (+3).
   It affects your intelligence (-5).
   It affects your dexterity (+4).
   It protects you from cold.
   It affects your resistance to hostile enchantments.
Wands
 a - a wand of clouds (4/9)
Scrolls
 g - 6 scrolls of magic mapping
 h - 19 scrolls of remove curse
 m - 3 scrolls of holy word
 r - a scroll of fog
 v - 10 scrolls of immolation
 A - 4 scrolls of fear
 B - 2 scrolls of summoning
 K - 2 scrolls of identify
 Y - 2 scrolls of recharging
Potions
 b - 2 potions of magic
 e - 3 potions of ambrosia
 i - 2 potions of flight
 j - a potion of resistance
 l - 15 potions of curing
 o - 3 potions of might
 z - 4 potions of mutation
 I - a potion of heal wounds
 M - a potion of cancellation
 W - 2 potions of agility
Miscellaneous
 d - 3 sacks of spiders
 n - a fan of gales
 t - a box of beasts
 C - an ornate deck of summoning
 D - an ornate deck of destruction
 F - an ornate deck of summoning
 G - an ornate deck of destruction
 J - an ornate deck of summoning {drawn: 7}
 N - an ornate deck of destruction
 O - a lamp of fire
 P - a phantom mirror
 Q - a plain deck of summoning
 T - a lightning rod (4/4)
 U - a legendary deck of destruction {drawn: 6}
 V - a phial of floods
 X - an ornate deck of destruction
 Z - an ornate deck of escape {the Cloud, left: 2}
Comestibles
 f - 13 bread rations
 k - 47 fruits
 q - 22 meat rations
 w - 20 royal jellies


   Skills:
 + Level 20.8 Fighting
 * Level 23.6 Polearms
 - Level 3.4 Throwing
 + Level 20.5 Armour
 + Level 9.0 Dodging
 - Level 15.3 Shields
 + Level 21.9 Invocations
 - Level 12.8 Evocations


You had 21 spell levels left.
You knew the following spells:

 Your Spells              Type           Power        Failure   Level  Hunger
a - Swiftness             Chrm/Air       #.......     100%        2    ###....
b - Spectral Weapon       Hex/Chrm       #.......     100%        3    ####...


Dungeon Overview and Level Annotations

Branches:
Dungeon (15/15)            Temple (1/1) D:5            Lair (6/6) D:10
  Swamp (4/4) Lair:3       Spider (4/4) Lair:4        Slime (0/5) Lair:5
    Orc (2/2) D:10            Elf (3/3) Orc:2        Vaults (5/5) D:14
  Crypt (0/3) Vaults:2     Depths (5/5) D:15            Zot (0/5) Depths:5

Altars:
Ashenzari
Cheibriados
Dithmenos
Elyvilon
Fedhas
Gozag
Hepliaklqana
Kikubaaqudgha
Makhleb
Nemelex Xobeh
Okawaru
Qazlal
Ru
Sif Muna
Trog
Uskayaw
Vehumet
Xom
Yredelemnul
Zin
The Shining One

Shops:
D:5 !   D:8 [   D:9 }   D:13 ?   Orc:2 *=[}   Vaults:2 :   Vaults:3 *
Vaults:4 [}   Depths:1 :

Portals:
Hell: Depths:1 Depths:2 Depths:3 Depths:4 Depths:5
Abyss: Depths:4
Pandemonium: Depths:3
Ziggurat: Depths:5

Annotations:
D:15 exclusion: Roxanne, Roxanne
Elf:2 3 runed doors


Innate Abilities, Weirdness & Mutations

You cannot be hasted, slowed, berserked, paralysed or teleported.
You can dig through walls and to a lower floor.
Your four strong arms can wield two-handed weapons with a shield.
You have a pair of large antennae on your head. (SInv)
You are partially covered in rugged brown scales. (AC +1, +3% HP)
You are partially covered in thin metallic scales. (AC +2)
Your natural rate of healing is unusually fast.
Your spells are a little easier to cast, but a little less powerful.


Message History

Venomous gases pour from the shadow dragon's front talons!
A ball of electricity appears!
A huge vortex of air appears!
The vault guard is covered in liquid flames!
You feel a surge of magic.
The deck of cards glows with a rainbow of weird colours and disappears.
You are engulfed in raging winds.
The sphinx burns!
The tengu reaver seems less brilliant.
The vault guard burns!
The vault guard dies!
The spark wasp changes into a fire dragon!
The tengu reaver seems less brilliant.
The war gargoyle burns!
The storm dragon breathes lightning at you.
The bolt of lightning hits you!
* * * LOW HITPOINT WARNING * * *
The bolt of lightning hits your twister.
Your twister completely resists.
The vault warden unwields an uncursed war axe.
The vault warden wields an arbalest.
The vault warden shoots a bolt.
The bolt hits you!!
You die...
Your body glows slightly and disappears.

#....# ))
{#).).# {#)#. #
#)|..#{D)#.. ##.
#§§§§##§#.#
H))§#§§§§#§#)..
.)c§§9§§§§§§#{
###§§§(..§[#####
...C§§W@§§§§§§p.
..C*§§§§§§§v§*).
.Q.§§.v§§§§§§Q..
.).§*§§O§(§.§C†.
###§§§v§.§§#####
...DD§§))C#
#).)#§§§.##C
))))#))))# .§ e#
#....# ...


You could see a shadow dragon, 3 titans, a storm dragon, a frost giant
(petrifying), a fire dragon shaped shifter, a sphinx (burning), a vault warden,
2 tengu reavers, a yaktaur captain, an ettin, a two-headed ogre, a war gargoyle
(burning), 3 friendly twisters, a friendly flayed ghost and 3 friendly ball
lightnings.

Vanquished Creatures
  A juggernaut (Depths:5)
  3 caustic shrikes (Depths:2)
  Bai Suzhen (Depths:1)
  Jory (Vaults:3)
  5 golden dragons
  3 liches (Depths:2)
  Asterion (Vaults:3)
  4 deep elf blademasters (Elf:3)
  A deep elf master archer (Elf:3)
  2 quicksilver dragons (Vaults:4)
  An ancient champion (Vaults:3)
  2 sphinxes (Vaults:4)
  An azure jelly (shapeshifter) (Vaults:3)
  3 shadow dragons
  A storm dragon (Depths:5)
  4 tengu reavers
  11 frost giants
  A draconian knight (Depths:5)
  2 ghost moths (Spider:4)
  A draconian scorcher (Depths:5)
  An imperial myrmidon (Desolation)
  10 fire giants
  7 deep elf sorcerers
  12 vault wardens
  18 ironheart preservers
  A caustic shrike zombie (Depths:4)
  A juggernaut zombie (Depths:4)
  5 deep elf elementalists
  3 emperor scorpions (Spider:2)
  42 very ugly things
  An entropy weaver (Vaults:2)
  A juggernaut skeleton (Depths:4)
  14 stone giants
  5 spriggan defenders (Depths:4)
  An entropy weaver (shapeshifter) (Depths:3)
  12 deep elf demonologists
  A vampire knight (Depths:2)
  5 deep elf annihilators
  2 green draconians (Depths:5)
  2 black draconians (Depths:5)
  6 halazid warlocks (Desolation)
  2 pale draconians (Depths:5)
  A red draconian (Volcano)
  6 spark wasps
  5 deep elf death magi
  2 white draconians (Depths:5)
  6 ettins
  A crystal guardian (Desolation)
  4 ragged hierophants (Desolation)
  3 jiangshi (Depths:5)
  13 fire dragons
  A quicksilver dragon zombie (Depths:4)
  7 deep elf high priests
  11 great orbs of eyes
  12 yaktaur captains
  Josephine (D:12)
  25 vault guards
  2 rakshasas
  20 hydras
  4 peacekeepers (Desolation)
  15 ice dragons
  7 servants of whispers
  A catoblepas (D:14)
  56 two-headed ogres
  8 spriggan air magi
  18 centaur warriors
  A ghost crab (Swamp:2)
  2 death knights
  16 ogre magi
  14 deep troll earth magi
  2 alligators
  A death yak (Lair:5)
  8 spriggan berserkers
  2 vampire magi
  9 deep troll shamans
  5 tengu warriors
  5 orc high priests
  8 dancing weapons
  22 deep elf knights
  Sonja (D:14)
  6 spriggans
  4 iron trolls
  2 shadow wraiths (Vaults:4)
  18 hell knights
  A fire crab (Swamp:4)
  A death drake (D:14)
  A sea snake (shapeshifter) (Depths:5)
  6 wizards
  4 unseen horrors
  A spriggan druid (Swamp:3)
  A skeletal warrior (D:14)
  7 swamp dragons
  A shadow demon (Depths:3)
  A quicksilver dragon simulacrum (Depths:4)
  2 flayed ghosts
  44 deep trolls
  2 phantasmal warriors
  2 glowing orange brains
  A tengu zombie (Depths:4)
  Pikel (D:8)
  17 deep elf archers
  29 ironbrand convokers
  A golden dragon skeleton (Depths:4)
  A lindwurm (shapeshifter) (Depths:2)
  A sphinx zombie (Vaults:3)
  An obsidian statue (D:10)
  A wolf spider zombie (D:14)
  3 shambling mangroves
  9 necromancers
  A stone giant zombie (Vaults:3)
  9 orb spiders
  49 deep elf magi
  A mana viper (shapeshifter) (Vaults:3)
  2 oklob plants (Lair:2)
  15 orc knights
  56 ugly things
  28 wolf spiders
  A human zombie (Vaults:3)
  A faun (Swamp:2)
  A moth of wrath (shapeshifter) (Depths:1)
  8 orc sorcerers
  A shining eye (Swamp:4)
  2 cyclopes
  2 black mambas
  2 moths of wrath
  A rust devil (Depths:4)
  19 vault sentinels
  4 manticores
  7 elephants
  2 torpor snails
  6 guardian serpents (Desolation)
  A molten gargoyle (Volcano)
  A water nymph (shapeshifter) (Depths:5)
  An eye of devastation (shapeshifter) (Vaults:4)
  An orange demon (Depths:3)
  4 gargoyles
  A spiny frog (shapeshifter) (Depths:2)
  5 spectral swamp worms (Depths:5)
  20 spiny frogs
  A yaktaur zombie (Vaults:3)
  8 komodo dragons
  A yaktaur (shapeshifter) (Vaults:3)
  2 rime drakes
  12 demonic crawlers
  A komodo dragon (shapeshifter) (Vaults:2)
  68 yaktaurs
  2 ice devils (Depths:3)
  A hellwing (Depths:3)
  9 freezing wraiths
  36 jumping spiders
  3 tengu conjurers
  A queen bee (D:11)
  6 trolls
  23 hornets
  5 tyrant leeches
  2 polar bears
  7 dream sheep
  46 slime creatures
  24 blink frogs
  7 hippogriffs
  27 saltlings
  5 bog bodies
  8 air elementals
  24 tarantellas
  52 redbacks
  A fire dragon skeleton (Vaults:1)
  A spriggan (shapeshifter) (Vaults:2)
  3 shadows
  A ynoxinul (Depths:3)
  6 wraiths
  A vampire (D:14)
  A redback (shapeshifter) (Depths:3)
  12 water elementals
  An elf zombie (Depths:4)
  A basilisk (shapeshifter) (Vaults:3)
  A hog (shapeshifter) (Vaults:4)
  5 wyverns
  29 yaks
  8 fire elementals
  28 vampire mosquitoes
  4 basilisks
  A fire bat (Volcano)
  7 steam dragons
  A human simulacrum (Vaults:1)
  A neqoxec (Depths:3)
  17 swamp worms
  5 wargs
  2 soldier ants
  3 acid dragons
  An elf skeleton (Depths:4)
  An ogre skeleton (Vaults:1)
  A soldier ant (shapeshifter) (Vaults:4)
  12 water moccasins
  3 insubstantial wisps (Swamp:1)
  2 hell hounds (D:15)
  15 porcupines
  2 ice beasts
  7 swamp drakes
  A floating eye (shapeshifter) (Depths:2)
  3 floating eyes
  44 orc warriors
  A sky beast (D:12)
  A black bear (shapeshifter) (Elf:1)
  2 black bears (Lair:2)
  A necrophage (D:13)
  20 boggarts
  3 phantoms
  5 wolves
  5 eyes of draining
  37 ogres
  A crocodile (shapeshifter) (Depths:1)
  19 centaurs
  12 crocodiles
  6 big kobolds
  28 bullfrogs
  2 gnoll sergeants (D:10)
  A wyvern zombie (D:11)
  A glowing shapeshifter simulacrum (Depths:4)
  3 earth elementals
  10 scorpions
  8 wights
  16 killer bees
  A killer bee (shapeshifter) (Vaults:3)
  5 howler monkeys
  3 electric eels
  4 lava snakes (Volcano)
  8 crimson imps
  4 quasits
  8 hounds
  5 centaur zombies
  4 jellies
  18 orc priests
  2 bullfrog skeletons (D:8)
  3 centaur skeletons
  2 iron imps (Depths:3)
  29 orc wizards
  2 gnoll shamans
  Jessica (D:3)
  3 iguanas
  A hell rat (Depths:4)
  9 worker ants
  A killer bee zombie (D:9)
  A hound zombie (D:10)
  A hound skeleton (D:5)
  A worker ant zombie (D:10)
  14 gnolls
  13 adders
  A howler monkey skeleton (D:7)
  4 shadow imps
  2 white imps (Depths:3)
  An ufetubus (Depths:3)
  2 oozes
  3 adder skeletons
  4 worms
  A ball lightning (Vaults:2)
  A dart slug (shapeshifter) (Vaults:4)
  9 leopard geckos
  98 orcs
  8 bats
  10 giant cockroaches
  6 goblins
  6 hobgoblins
  6 jackals
  4 quokkas
  A ball python (D:3)
  6 frilled lizards
  A jackal skeleton (D:8)
  A jackal zombie (D:6)
  14 kobolds
  A quokka zombie (D:5)
  6 rats
  A fungus (Spider:2)
  4 plants
2086 creatures vanquished.

Vanquished Creatures (collateral kills)
  Mara (Spider:3)
  A golden dragon (Depths:2)
  A tentacled monstrosity (Swamp:3)
  2 deep elf sorcerers (Vaults:1)
  2 emperor scorpions (Spider:4)
  2 ghost moths
  A frost giant (Vaults:1)
  A vault warden (Vaults:2)
  A war gargoyle (Vaults:5)
  A vampire knight (Vaults:2)
  Azrael (D:15)
  3 spark wasps
  2 fire dragons
  2 ettins
  2 yaktaur captains
  2 servants of whispers (Desolation)
  A spriggan air mage (Depths:2)
  2 peacekeepers (Desolation)
  An ice dragon (Depths:2)
  2 vault guards
  A hydra (Swamp:4)
  2 two-headed ogres
  A satyr (Swamp:4)
  3 alligators (Swamp:1)
  3 ogre magi
  2 centaur warriors
  2 orc high priests
  A tengu warrior (D:15)
  A deep troll shaman (Depths:2)
  A spriggan (Swamp:2)
  2 death yaks (Lair:5)
  A spriggan berserker (Depths:2)
  2 fire crabs (Swamp:4)
  5 swamp dragons
  A spriggan druid (Swamp:4)
  2 deep trolls (Vaults:3)
  A glowing orange brain (Vaults:2)
  2 deep elf archers
  A shambling mangrove (Swamp:4)
  3 orc knights
  3 ironbrand convokers
  4 deep elf magi
  3 wolf spiders
  A necromancer (Vaults:1)
  A manticore (Swamp:3)
  An ugly thing (Vaults:2)
  A cyclops (Orc:1)
  An eye of devastation (Lair:5)
  The ghost of Zaque the Insei, a novice OpTm (D:5)
  A black mamba (Lair:4)
  Joseph (D:9)
  A black mamba (shapeshifter) (Vaults:3)
  4 spiny frogs
  A centaur skeleton (D:13)
  A vault sentinel (Vaults:2)
  6 yaktaurs
  A komodo dragon (Swamp:4)
  A freezing wraith (Vaults:1)
  A harpy zombie (Vaults:1)
  2 trolls
  2 tyrant leeches (Lair:6)
  13 saltlings (Desolation)
  5 hornets
  5 slime creatures
  7 blink frogs
  2 snapping turtles (Swamp:3)
  A blink frog (shapeshifter) (Vaults:2)
  7 dream sheep (Lair:6)
  3 redbacks (Spider:4)
  A wraith (Vaults:2)
  12 yaks
  3 steam dragons
  5 vampire mosquitoes
  A swamp worm (Swamp:3)
  2 wargs
  A hell hound (D:15)
  4 swamp drakes (Swamp:4)
  6 orc warriors
  An ice beast (Swamp:4)
  A phantom (D:15)
  7 ogres
  A boggart (Depths:2)
  8 centaurs
  A crocodile (Lair:6)
  5 bullfrogs
  A gnoll sergeant (Orc:2)
  A scorpion (D:6)
  A bullfrog skeleton (D:11)
  An orc priest (D:6)
  2 orc wizards (Orc:1)
  A worker ant (D:15)
  A worm (Swamp:3)
  7 orcs
  A plant (Lair:6)
224 creatures vanquished.

Vanquished Creatures (others)
  A quicksilver dragon (Vaults:5)
  3 tengu reavers (Vaults:5)
  A fire giant (Depths:3)
  A frost giant (Vaults:5)
  An entropy weaver (Vaults:5)
  A deep elf demonologist (Vaults:5)
  2 ettins (Vaults:5)
  A fire dragon (Depths:3)
  A deep elf high priest (Vaults:5)
  A ragged hierophant (Desolation)
  4 vault guards
  A dancing weapon (Vaults:5)
  4 ogre magi
  13 two-headed ogres
  A deep troll earth mage (Depths:3)
  A death drake (shapeshifter) (Vaults:5)
  A wizard (Depths:3)
  A lindwurm (shapeshifter) (Vaults:5)
  3 ironbrand convokers (Vaults:5)
  2 deep elf magi (Vaults:5)
  A black mamba (shapeshifter) (Depths:3)
  A vault sentinel (Vaults:5)
  8 yaktaurs
  A hornet (Spider:4)
  2 dream sheep (Lair:4)
  4 saltlings (Desolation)
  A blink frog (Swamp:4)
  A shadow (Swamp:3)
  A vampire (D:13)
  A redback (Vaults:5)
  A swamp worm (Swamp:2)
  A hell hound (D:15)
  3 swamp drakes (Swamp:4)
  3 slaves (D:8)
  2 orc warriors
  A boggart (Depths:2)
  An ogre (Vaults:5)
  A bullfrog (Swamp:4)
  A wyvern skeleton (D:14)
  18 killer bees (D:11)
  5 orc priests (Orc:2)
  5 orc wizards
  A river rat (shapeshifter) (Depths:2)
  11 ball lightnings
  5 orcs
  A rat (D:6)
  A bush (Lair:5)
  31 fungi
  52 plants
209 creatures vanquished.

Grand Total: 2519 creatures vanquished

Notes
Turn   | Place    | Note
-------+----------+-------------------------------------------
     0 | D:1      | Jannitor the Formicid Fighter began the quest for the Orb.
     0 | D:1      | Reached XP level 1. HP: 18/18 MP: 1/1
   130 | D:1      | Reached XP level 2. HP: 24/24 MP: 2/2
   605 | D:2      | Reached XP level 3. HP: 25/29 MP: 3/3
  1080 | D:2      | Reached XP level 4. HP: 33/37 MP: 4/4
  2026 | D:3      | Noticed Jessica
  2037 | D:3      | Killed Jessica
  2037 | D:3      | Reached skill level 3 in Polearms
  2037 | D:3      | Reached XP level 5. HP: 42/42 MP: 5/5
  2135 | D:3      | Found a hide-covered altar of Uskayaw.
  2148 | D:3      | Reached skill level 1 in Throwing
  2357 | D:4      | Reached skill level 5 in Shields
  2357 | D:4      | Reached XP level 6. HP: 46/49 MP: 6/6
  2378 | D:4      | Found a sacrificial altar of Ru.
  2987 | D:4      | Noticed a phantom
  3007 | D:4      | Killed a phantom
  3007 | D:4      | Reached XP level 7. HP: 43/55 MP: 7/7
  3377 | D:5      | Entered Level 5 of the Dungeon
  3377 | D:5      | Found a staircase to the Ecumenical Temple.
  3575 | Temple   | Entered the Ecumenical Temple
  3614 | Temple   | Became a worshipper of Nemelex Xobeh the Trickster
  3678 | D:5      | Reached skill level 4 in Polearms
  3896 | D:5      | Reached skill level 5 in Fighting
  4005 | D:5      | Received a gift from Nemelex Xobeh
  4039 | D:5      | Found a glowing golden altar of the Shining One.
  4212 | D:5      | Found Kicoqoed's Distillery.
  4220 | D:5      | Bought a potion of mutation for 80 gold pieces
  4220 | D:5      | Bought a potion of heal wounds for 50 gold pieces
  4220 | D:5      | Bought a potion of curing for 30 gold pieces
  4220 | D:5      | Bought 2 potions of degeneration for 20 gold pieces
  4299 | D:5      | Noticed Zaque's ghost (novice OpTm)
  4310 | D:5      | Killed Zaque's ghost
  4310 | D:5      | Reached skill level 5 in Armour
  4310 | D:5      | Reached skill level 1 in Invocations
  4310 | D:5      | Reached XP level 8. HP: 62/62 MP: 7/9
  4501 | D:6      | Reached * piety under Nemelex Xobeh
  5117 | D:6      | Noticed Duvessa
  5122 | D:6      | Noticed Dowan
  5139 | D:6      | Noticed Duvessa
  5139 | D:6      | Duvessa changed into Duvessa the swamp drake
  5139 | D:6      | Noticed Dowan
  5139 | D:6      | Dowan changed into Dowan the adder
  5155 | D:6      | Killed Duvessa the swamp drake
  5155 | D:6      | Reached skill level 5 in Polearms
  5159 | D:6      | Killed Dowan the adder
  5190 | D:6      | Reached XP level 9. HP: 57/69 MP: 11/11
  6658 | D:7      | Found a hazy altar of Hepliaklqana.
  6658 | D:7      | Found an iron altar of Okawaru.
  6771 | D:7      | Reached skill level 6 in Polearms
  6771 | D:7      | Reached skill level 5 in Invocations
  7075 | D:8      | Reached ** piety under Nemelex Xobeh
  7075 | D:8      | Received a gift from Nemelex Xobeh
  7138 | D:8      | Found a shimmering altar of Xom.
  7141 | D:8      | Found a bloodstained altar of Trog.
  7144 | D:8      | Found a blossoming altar of Fedhas.
  7147 | D:8      | Found a white marble altar of Elyvilon.
  7376 | D:8      | Found Suovuheh's Armour Shoppe.
  7401 | D:8      | Reached XP level 10. HP: 79/79 MP: 13/13
  7792 | D:8      | Noticed a three-headed hydra
  7809 | D:8      | Killed a three-headed hydra
  7809 | D:8      | Reached skill level 7 in Polearms
  8270 | D:8      | Noticed Pikel
  8301 | D:8      | Killed Pikel
  8608 | D:9      | Reached *** piety under Nemelex Xobeh
  8769 | D:9      | Found a shimmering altar of Xom.
  8848 | D:9      | Reached XP level 11. HP: 73/86 MP: 16/16
  8863 | D:9      | Found Jila's Gadget Emporium.
  9046 | D:9      | Reached skill level 1 in Evocations
  9100 | D:9      | Found a radiant altar of Vehumet.
  9413 | D:9      | Noticed Joseph
  9424 | D:9      | Killed Joseph
  9784 | D:10     | Entered Level 10 of the Dungeon
  9813 | D:10     | Noticed an obsidian statue
  9876 | D:10     | Killed an obsidian statue
  9883 | D:10     | Got a pair of transparent boots
  9901 | D:10     | Identified the cursed +0 pair of boots of Ruxiol {rCorr} (You found it on level 10 of the Dungeon)
  9973 | D:10     | Found a staircase to the Orcish Mines.
 10386 | D:10     | Received a gift from Nemelex Xobeh
 10525 | D:10     | Reached skill level 10 in Shields
 10560 | D:10     | Reached skill level 8 in Polearms
 10581 | D:10     | Reached **** piety under Nemelex Xobeh
 11374 | D:10     | Found a staircase to the Lair.
 11432 | D:10     | Reached XP level 12. HP: 60/95 MP: 18/18
 11456 | D:10     | Received a gift from Nemelex Xobeh
 11642 | D:10     | Identified a scroll of acquirement
 11753 | Lair:1   | Entered Level 1 of the Lair of Beasts
 12032 | Lair:1   | Noticed a four-headed hydra
 12041 | Lair:1   | Killed a four-headed hydra
 12086 | Lair:1   | Reached skill level 5 in Evocations
 12284 | Lair:1   | Received a gift from Nemelex Xobeh
 12639 | Lair:1   | Reached skill level 9 in Polearms
 12683 | Lair:2   | Reached ***** piety under Nemelex Xobeh
 12750 | Lair:2   | Received a gift from Nemelex Xobeh
 13097 | Lair:2   | Received a gift from Nemelex Xobeh
 13151 | Lair:2   | Reached skill level 10 in Fighting
 13372 | Lair:2   | Got a jewelled chain mail
 13373 | Lair:2   | Identified the +3 chain mail of Fown {rC+ Dex+2} (You found it on level 2 of the Lair of Beasts)
 13433 | Lair:2   | Reached skill level 10 in Armour
 13552 | Lair:2   | Received a gift from Nemelex Xobeh
 13966 | Lair:3   | Received a gift from Nemelex Xobeh
 14013 | Lair:3   | Reached XP level 13. HP: 95/103 MP: 20/20
 14085 | Lair:3   | Received a gift from Nemelex Xobeh
 14252 | Lair:3   | Received a gift from Nemelex Xobeh
 14542 | Lair:3   | Found a staircase to the Swamp.
 14945 | Lair:4   | Reached skill level 10 in Invocations
 15161 | Lair:4   | Received a gift from Nemelex Xobeh
 15165 | Lair:4   | Noticed a seven-headed hydra
 15171 | Lair:4   | Killed a seven-headed hydra
 15181 | Lair:4   | Got a steaming granite ring
 15182 | Lair:4   | Identified the ring of Utugim {Wiz rF+ Str+3 Int+3} (You found it on level 4 of the Lair of Beasts)
 15693 | Lair:4   | Found a hole to the Spider Nest.
 16005 | Lair:5   | Received a gift from Nemelex Xobeh
 16172 | Lair:5   | Found a staircase to the Slime Pits.
 16191 | Lair:5   | Reached skill level 10 in Polearms
 16548 | Lair:5   | Noticed a four-headed hydra
 16557 | Lair:5   | Killed a four-headed hydra
 16601 | Lair:5   | Learned a level 2 spell: Swiftness
 16712 | Lair:6   | Entered Level 6 of the Lair of Beasts
 16764 | Lair:6   | Received a gift from Nemelex Xobeh
 16774 | Lair:6   | Found a dark tunnel.
 16962 | Volcano  | Entered a volcano
 17026 | Volcano  | Received a gift from Nemelex Xobeh
 17161 | Volcano  | Found a burning altar of Makhleb.
 17161 | Volcano  | Noticed a centaur warrior
 17163 | Volcano  | Killed a centaur warrior
 17163 | Volcano  | Reached XP level 14. HP: 107/113 MP: 22/22
 17172 | Volcano  | Noticed a red draconian
 17192 | Volcano  | Killed a red draconian
 18498 | Lair:6   | Received a gift from Nemelex Xobeh
 19275 | Lair:6   | Received a gift from Nemelex Xobeh
 19833 | Orc:1    | Entered Level 1 of the Orcish Mines
 20439 | Orc:1    | Reached XP level 15. HP: 120/120 MP: 24/24
 20531 | Orc:2    | Entered Level 2 of the Orcish Mines
 20852 | Orc:2    | Received a gift from Nemelex Xobeh
 20855 | Orc:2    | Gained mutation: Your body sometimes deteriorates upon taking damage. [potion of mutation]
 20855 | Orc:2    | Gained mutation: Your natural rate of healing is unusually fast. [potion of mutation]
 20855 | Orc:2    | Gained mutation: You expend magic power (3 MP) to strengthen your wands. [potion of mutation]
 20855 | Orc:2    | Gained mutation: Your flesh is heat resistant. (rF+) [potion of mutation]
 20918 | Orc:2    | Found a staircase to the Elven Halls.
 21165 | Orc:2    | Reached skill level 11 in Polearms
 21333 | Orc:2    | Found Zocics's Gadget Shop.
 21380 | Orc:2    | Found Teuhiov's Armour Shop.
 21382 | Orc:2    | Found Suuwett's General Store.
 21385 | Orc:2    | Found Cueps's Jewellery Boutique.
 21388 | Orc:2    | Bought a wand of clouds (4/9) for 360 gold pieces
 21422 | Orc:2    | Received a gift from Nemelex Xobeh
 21422 | Orc:2    | Received a gift from Nemelex Xobeh
 22601 | D:12     | Received a gift from Nemelex Xobeh
 22646 | D:12     | Noticed Josephine
 22683 | D:12     | Killed Josephine
 22883 | D:12     | Gained mutation: You are frail. (-10% HP) [mutagenic meat]
 22884 | D:12     | Gained mutation: You are partially covered in thin metallic scales. (AC +2) [mutagenic meat]
 22887 | D:12     | Gained mutation: Your mind is acute. (Int +2) [mutagenic meat]
 22888 | D:12     | Lost mutation: Your body sometimes deteriorates upon taking damage. [potion of mutation]
 22888 | D:12     | Lost mutation: You expend magic power (3 MP) to strengthen your wands. [potion of mutation]
 22888 | D:12     | Lost mutation: Your mind is acute. (Int +2) [potion of mutation]
 22888 | D:12     | Lost mutation: Your flesh is heat resistant. (rF+) [potion of mutation]
 22888 | D:12     | Gained mutation: You are partially covered in rugged brown scales. (AC +1, +3% HP) [potion of mutation]
 22888 | D:12     | Lost mutation: You are frail. (-10% HP) [potion of mutation]
 23131 | D:12     | Reached skill level 10 in Evocations
 23399 | D:12     | Received a gift from Nemelex Xobeh
 23570 | D:13     | Received a gift from Nemelex Xobeh
 23859 | D:13     | Found Opuese Neqi's Magic Scroll Shop.
 24402 | D:14     | Received a gift from Nemelex Xobeh
 24555 | D:14     | Found a gate to the Vaults.
 24559 | D:14     | Reached XP level 16. HP: 132/132 MP: 25/25
 24713 | D:14     | Reached ****** piety under Nemelex Xobeh
 24722 | D:14     | Noticed Sonja
 24737 | D:14     | Killed Sonja
 24892 | D:14     | Received a gift from Nemelex Xobeh
 25291 | D:15     | Entered Level 15 of the Dungeon
 25293 | D:15     | Noticed Urug
 25298 | D:15     | Noticed Urug
 25298 | D:15     | Urug changed into Urug the floating eye
 25426 | D:14     | Killed Urug the floating eye
 25514 | D:15     | Reached skill level 12 in Polearms
 25583 | D:15     | Found a staircase to the Depths.
 25596 | D:15     | Received a gift from Nemelex Xobeh
 25694 | D:15     | Noticed Azrael
 25712 | D:15     | Killed Azrael
 25731 | D:15     | Noticed Roxanne
 26250 | Swamp:1  | Entered Level 1 of the Swamp
 26995 | Swamp:1  | Received a gift from Nemelex Xobeh
 27327 | Swamp:2  | You fall through a shaft!
 27524 | Swamp:3  | Received a gift from Nemelex Xobeh
 27644 | Swamp:3  | Reached XP level 17. HP: 141/141 MP: 27/27
 27658 | Swamp:3  | Noticed a tentacled monstrosity
 28028 | Swamp:2  | Got a translucent bone ring
 28029 | Swamp:2  | Identified the ring "Wedgheogu" {rC+ MR+ Int+5 Dex-3} (You found it on level 2 of the Swamp)
 28653 | Swamp:3  | Killed a tentacled monstrosity
 28763 | Swamp:3  | Received a gift from Nemelex Xobeh
 28901 | Swamp:3  | Received a gift from Nemelex Xobeh
 29056 | Swamp:4  | Entered Level 4 of the Swamp
 29322 | Swamp:4  | Reached skill level 13 in Polearms
 29322 | Swamp:4  | Reached skill level 15 in Shields
 29360 | Swamp:4  | Got a decaying rune of Zot
 29725 | Swamp:4  | Received a gift from Nemelex Xobeh
 30369 | Vaults:1 | Entered Level 1 of the Vaults
 30935 | Vaults:1 | Reached XP level 18. HP: 40/150 MP: 28/28
 31181 | Vaults:1 | Received a gift from Nemelex Xobeh
 31839 | Vaults:1 | Received a gift from Nemelex Xobeh
 31846 | Vaults:1 | Reached skill level 14 in Polearms
 32041 | Vaults:1 | Received a gift from Nemelex Xobeh
 32438 | Vaults:1 | Reached skill level 15 in Invocations
 32802 | Vaults:2 | Found a staircase to the Crypt.
 32804 | Vaults:2 | Noticed an ancient champion
 33371 | Vaults:2 | Received a gift from Nemelex Xobeh
 33686 | Vaults:2 | Noticed an Executioner
 33714 | Vaults:2 | Reached XP level 19. HP: 140/157 MP: 30/30
 33725 | Vaults:2 | You fall through a shaft!
 34139 | Vaults:3 | Reached skill level 15 in Armour
 34335 | Vaults:2 | Reached skill level 15 in Polearms
 34340 | Vaults:2 | Reached skill level 15 in Fighting
 34731 | Vaults:2 | Found Oliuschil's Book Emporium.
 34784 | Vaults:2 | Received a gift from Nemelex Xobeh
 36096 | Vaults:3 | Received a gift from Nemelex Xobeh
 36239 | Vaults:3 | Reached XP level 20. HP: 163/167 MP: 32/32
 36244 | Vaults:3 | Reached skill level 16 in Polearms
 36615 | Vaults:3 | Reached skill level 1 in Dodging
 36987 | Vaults:3 | Found Soogil's General Store.
 36990 | Vaults:3 | Bought a scroll of enchant armour for 90 gold pieces
 36990 | Vaults:3 | Bought a potion of might for 48 gold pieces
 36990 | Vaults:3 | Bought a potion of curing for 36 gold pieces
 37143 | Vaults:3 | Noticed Jory
 37158 | Vaults:3 | Killed Jory
 37313 | Vaults:3 | Noticed Asterion
 37325 | Vaults:3 | Killed Asterion
 37464 | Vaults:3 | Identified the Incunabulum of Stolen Souls and Fire
 37940 | Vaults:4 | Received a gift from Nemelex Xobeh
 38026 | Vaults:4 | Reached skill level 17 in Polearms
 38026 | Vaults:4 | Reached XP level 21. HP: 142/177 MP: 33/33
 38579 | Vaults:4 | Received a gift from Nemelex Xobeh
 38913 | Vaults:4 | Found Cidek's Gadget Shoppe.
 38920 | Vaults:4 | Bought a fan of gales for 680 gold pieces
 38920 | Vaults:4 | Bought a box of beasts for 340 gold pieces
 38920 | Vaults:4 | Bought a phantom mirror for 510 gold pieces
 39058 | Vaults:4 | Found Gupakhex's Antique Armour Shoppe.
 39058 | Vaults:4 | Received a gift from Nemelex Xobeh
 39098 | Vaults:5 | Entered Level 5 of the Vaults
 39642 | Spider:1 | Entered Level 1 of the Spider Nest
 39803 | Spider:1 | Reached skill level 5 in Dodging
 40179 | Spider:2 | Received a gift from Nemelex Xobeh
 40806 | Spider:2 | Reached skill level 18 in Polearms
 40806 | Spider:2 | Reached XP level 22. HP: 171/185 MP: 34/34
 41118 | Spider:3 | Received a gift from Nemelex Xobeh
 41153 | Spider:3 | Noticed Mara
 41161 | Spider:3 | Noticed Jannitor's illusion
 41170 | Spider:3 | Killed Mara
 41181 | Spider:3 | Received a gift from Nemelex Xobeh
 41456 | Spider:3 | Received a gift from Nemelex Xobeh
 41927 | Spider:3 | Received a gift from Nemelex Xobeh
 42286 | Spider:4 | Entered Level 4 of the Spider Nest
 42488 | Spider:4 | Received a gift from Nemelex Xobeh
 42563 | Spider:4 | Identified a +1 pair of boots of running (You found it on level 4 of the Spider Nest)
 42933 | Spider:4 | Got a gossamer rune of Zot
 43555 | Depths:1 | Entered Level 1 of the Depths
 43587 | Depths:1 | Found Meokh's Book Shoppe.
 43847 | Depths:1 | Found a gateway to Hell.
 43954 | Depths:1 | Noticed Bai Suzhen
 43974 | Depths:1 | Killed Bai Suzhen
 44089 | Depths:1 | Noticed a golden dragon
 44136 | Depths:1 | Killed a golden dragon
 44245 | Depths:1 | Reached XP level 23. HP: 193/193 MP: 36/36
 44602 | Depths:1 | Received a gift from Nemelex Xobeh
 44755 | Depths:1 | Reached skill level 19 in Polearms
 44906 | Depths:1 | Identified the +5 bardiche of the Forest {chop, rC+ rN+ Stlth+} (You acquired it on level 1 of the Depths)
 45860 | Depths:2 | Received a gift from Nemelex Xobeh
 46340 | Depths:2 | Noticed a caustic shrike
 46355 | Depths:2 | Killed a caustic shrike
 46521 | Depths:2 | Noticed a caustic shrike
 46536 | Depths:2 | Killed a caustic shrike
 46549 | Depths:2 | Noticed a golden dragon
 46554 | Depths:2 | Noticed a caustic shrike
 46556 | Depths:2 | Killed a golden dragon
 46571 | Depths:2 | Killed a caustic shrike
 46571 | Depths:2 | Reached XP level 24. HP: 101/203 MP: 36/36
 46575 | Depths:2 | You fall through a shaft!
 46596 | Depths:3 | Reached skill level 20 in Polearms
 47950 | Depths:3 | Noticed a golden dragon
 47971 | Depths:3 | Killed a golden dragon
 48201 | Depths:3 | Received a gift from Nemelex Xobeh
 48514 | Depths:3 | Gained mutation: Your spells are a little easier to cast, but a little less powerful. [a neqoxec]
 48543 | Depths:3 | Found a one-way gate leading to the halls of Pandemonium.
 48737 | Depths:3 | Found a transporter.
 48979 | Depths:3 | Found a transporter.
 49041 | Depths:3 | Got a translucent turquoise ring
 49042 | Depths:3 | Identified the ring "Coopol" {+Fly rN++ MR- Slay+3 Stlth-} (You found it on level 3 of the Depths)
 49266 | Depths:4 | Received a gift from Nemelex Xobeh
 49319 | Depths:3 | Reached XP level 25. HP: 178/212 MP: 36/36
 49383 | Depths:3 | Reached skill level 21 in Polearms
 49736 | Depths:4 | Identified the Tome of Lucky Beguiling
 50071 | Depths:4 | Received a gift from Nemelex Xobeh
 50206 | Depths:4 | Identified the ring "Dooqim Ziank" {rC+ MR+ EV+3 Int-5 Dex+4} (You found it on level 4 of the Depths)
 50311 | Depths:4 | Received a gift from Nemelex Xobeh
 50606 | Depths:4 | Found a one-way gate to the infinite horrors of the Abyss.
 50807 | Depths:5 | Entered Level 5 of the Depths
 51074 | Depths:5 | Noticed a juggernaut
 51075 | Depths:5 | Found a gateway to a ziggurat.
 51094 | Depths:5 | Killed a juggernaut
 51223 | Depths:5 | Received a gift from Nemelex Xobeh
 51330 | Depths:5 | Reached XP level 26. HP: 222/222 MP: 37/37
 51429 | Depths:5 | Reached skill level 22 in Polearms
 51569 | Depths:5 | Found a gate to the Realm of Zot.
 51927 | Elf:1    | Entered Level 1 of the Elven Halls
 51947 | Elf:1    | Received a gift from Nemelex Xobeh
 52065 | Elf:1    | Found a ruined gateway.
 52077 | Desolati | Entered the Desolation of Salt
 52166 | Desolati | Received a gift from Nemelex Xobeh
 52472 | Desolati | Got a heavily runed jade amulet
 52473 | Desolati | Identified the amulet of Izafodou {Reflect Str-4 Int+4 SH+3 Stlth+} (You found it in the Desolation of Salt)
 52477 | Desolati | Got a twitching lead amulet
 52478 | Desolati | Identified the amulet "Dugiepui" {Harm *Drain Fragile rN+ Dex+5 Stlth+} (You found it in the Desolation of Salt)
 52483 | Desolati | Got a warped lapis lazuli ring
 52484 | Desolati | Identified the ring "Ryiborphi" {Wiz *Drain rPois rN+ Slay+3} (You found it in the Desolation of Salt)
 52489 | Desolati | Identified Sif Muna's Tome of Poisoning
 52493 | Desolati | Identified the Volume of the Mountains and the Oath
 52499 | Desolati | Learned a level 3 spell: Spectral Weapon
 52501 | Desolati | Identified the Almanac of the Burning Frostbite
 52505 | Desolati | Identified Qorhag's Volume of Attacks
 52632 | Desolati | Identified Xoinyt's Reference Book on Igneous Curses
 52847 | Desolati | Got a clouded jade ring
 52848 | Desolati | Identified the ring "Oquph" {rF+ Str+3 Int-2 Dex+5} (You found it in the Desolation of Salt)
 52865 | Desolati | Received a gift from Nemelex Xobeh
 53362 | Elf:1    | Received a gift from Nemelex Xobeh
 53809 | Elf:2    | Received a gift from Nemelex Xobeh
 54019 | Elf:2    | Found a runed gate.
 54019 | Elf:2    | Found a runed gate.
 54019 | Elf:2    | Found a runed gate.
 54270 | Elf:3    | Entered Level 3 of the Elven Halls
 54551 | Elf:3    | Reached XP level 27. HP: 230/230 MP: 37/37
 54730 | Elf:3    | Reached skill level 23 in Polearms
 55025 | Elf:3    | Identified the cursed ring "Luituan" {rPois rC- AC-3 Int+8 SInv} (You took it off a deep elf sorcerer on level 3 of the Elven Halls)
 55248 | Elf:3    | Received a gift from Nemelex Xobeh
 55531 | Elf:3    | Identified Osipulas's Collected Works on Destructive Creation
 56612 | Vaults:5 | HP: 2/233 [storm dragon/bolt of lightning (19)]
 56612 | Vaults:5 | Shot with a bolt by a vault warden

Skill      XL: |  1  2  3  4  5  6  7  8  9 10 11 12 13 14 15 16 17 18 19 20 21 22 23 24 25 26 27 |
---------------+----------------------------------------------------------------------------------+-----
Shields        | 4 5 6 7 9 10 11 12 13 14 15 | 15.3
Fighting       | 4 5 6 7 8 9 10 11 12 13 14 15 16 17 18 19 20 | 20.8
Polearms       | 3 4 5 6 7 8 9 10 11 12 13 14 15 17 18 19 20 21 22 23 | 23.6
Throwing       | 1 2 3 |  3.4
Armour         | 4 5 7 8 9 10 11 12 13 14 15 16 17 18 19 20 | 20.5
Invocations    | 1 3 5 7 8 9 10 12 13 14 15 16 17 18 19 20 21 | 21.9
Evocations     | 4 6 8 9 10 11 12 | 12.8
Dodging        | 3 5 7 9 |  9.0

Action                   |  1- 3 |  4- 6 |  7- 9 | 10-12 | 13-15 | 16-18 | 19-21 | 22-24 | 25-27 || total
-------------------------+-------+-------+-------+-------+-------+-------+-------+-------+-------++-------
Melee: Trident           |   102 |   232 |   350 |    20 |       |       |       |       |       ||   704
       Glaive            |       |       |    69 |   569 |  1262 |  1189 |   480 |  2247 |  2051 ||  7867
       Halberd           |       |       |       |    93 |       |       |       |       |       ||    93
       Unarmed           |       |       |       |       |       |     3 |       |       |       ||     3
       Bardiche          |       |       |       |       |       |     5 |   789 |       |       ||   794
Invok: Deal Four         |       |       |       |       |     4 |     8 |     5 |     3 |     6 ||    26
       Stack Five        |       |       |       |       |     3 |     3 |       |       |       ||     6
 Abil: Dig               |       |     1 |     1 |     4 |     5 |       |     2 |     5 |    10 ||    28
       Shaft Self        |       |       |       |       |       |     1 |       |     1 |       ||     2
Evoke: Deck              |       |       |    10 |    11 |    46 |    68 |    33 |    20 |     3 ||   191
       Wand              |       |       |     3 |    12 |    23 |    13 |     9 |     2 |       ||    62
       Lamp of fire      |       |       |       |     1 |     2 |     1 |     5 |     4 |     1 ||    14
       Phial of floods   |       |       |       |       |       |     1 |     3 |       |       ||     4
       Phantom mirror    |       |       |       |       |       |       |     2 |       |       ||     2
       Fan of gales      |       |       |       |       |       |       |     1 |     1 |     2 ||     4
       Box of beasts     |       |       |       |       |       |       |       |     3 |       ||     3
  Use: Scroll            |       |       |    12 |    13 |     7 |    16 |     7 |    17 |    13 ||    85
       Potion            |       |       |     3 |     4 |     9 |     9 |    12 |     9 |     5 ||    51
 Stab: Paralysed         |       |       |    10 |     3 |     1 |     1 |       |       |       ||    15
       Distracted        |       |       |       |     1 |     2 |     1 |     1 |     3 |     3 ||    11
       Invisible         |       |       |       |       |       |       |       |     4 |       ||     4
  Eat: Chunk             |       |     7 |    15 |    22 |    28 |    17 |    22 |    19 |    11 ||   141
       Bread ration      |       |       |       |       |     2 |     3 |       |     2 |     3 ||    10
       Meat ration       |       |       |       |       |     1 |     1 |       |     1 |     1 ||     4
       Royal jelly       |       |       |       |       |       |     1 |     3 |     2 |     2 ||     8
Armor: Scale mail        |    36 |    57 |   198 |   176 |       |       |       |       |       ||   467
       Plate armour      |       |       |       |    50 |       |       |   215 |    42 |       ||   307
       Chain mail        |       |       |       |    29 |   628 |   581 |   265 |       |       ||  1503
       Swamp dragon scal |       |       |       |       |       |   162 |   158 |   226 |       ||   546
       Storm dragon scal |       |       |       |       |       |       |       |    57 |       ||    57
       Gold dragon scale |       |       |       |       |       |       |       |   646 |   815 ||  1461
Dodge: Dodged            |    27 |    62 |   137 |   200 |   295 |   406 |   367 |   602 |   519 ||  2615
Block: Shield            |    41 |   113 |   234 |   400 |   873 |   947 |   852 |  1098 |   935 ||  5493
